 Dungeon Crawl Stone Soup version 0.22.1-6-g1668fe2c40 (webtiles) character file.

204 MelsaHvarei the Poker (level 5, -1/38 HPs)
             Began as a Merfolk Skald on Jan 28, 2019.
             Killed by nerve-wracking pain
             ... invoked by Grinder
              (14 damage)
             ... on level 4 of the Dungeon.
             The game lasted 00:08:22 (3764 turns).

MelsaHvarei the Poker (Merfolk Skald)               Turns: 3764, Time: 00:08:23

Health: -1/38      AC:  4    Str: 12    XL:     5   Next: 82%
Magic:  1/8        EV: 15    Int: 17    God:
Gold:   175        SH:  0    Dex: 17    Spells: 3/8 levels left

rFire    . . .     SeeInvis .   a - +0 spear
rCold    . . .     Gourm    .   (no shield)
rNeg     . . .     Faith    .   b - +0 leather armour
rPois    .         Spirit   .   (no helmet)
rElec    .         Reflect  .   o - +0 cloak (curse)
rCorr    +         Harm     .   (no gloves)
MR       .....                  (no boots)
Stlth    +.........             (no amulet)
HPRegen  0.12/turn              f - +3 ring of dexterity
MPRegen  0.11/turn              l - ring of resist corrosion

@: brilliant, very slightly contaminated, slowed, very slow
A: change form in water, swift swim, stealthy swim
a: no special abilities


You were on level 4 of the Dungeon.
You were hungry.

You visited 1 branch of the dungeon, and saw 4 of its levels.

You collected 175 gold pieces.

Inventory:

Hand Weapons
 a - a +0 spear (weapon)
Armour
 b - a +0 leather armour (worn)
 j - a +0 buckler
 o - a cursed +0 cloak (worn)
Jewellery
 f - a +3 ring of dexterity (left hand)
 l - a ring of resist corrosion (right hand)
Scrolls
 e - 4 scrolls of remove curse
 h - a scroll of amnesia {unknown}
 i - 2 scrolls of teleportation
 m - a scroll of fog {unknown}
 p - a scroll of identify
Potions
 c - a potion of invisibility
 g - a potion of lignification
 n - a potion of brilliance
Comestibles
 d - 9 rations
 q - a chunk of flesh


   Skills:
 - Level 2.1 Fighting
 + Level 6.3 Polearms
 - Level 0.6 Armour
 + Level 5.7 Dodging
 - Level 2.0 Spellcasting
 - Level 3.2 Charms


You had 3 spell levels left.
You knew the following spells:

 Your Spells              Type           Power        Failure   Level  Hunger
a - Infusion              Chrm           ###.         1%          1    #......
b - Shroud of Golubria    Chrm/Tloc      ###.......   2%          2    ###....
c - Song of Slaying       Chrm           ###.....     1%          2    ###....

Your spell library contained the following spells:

 Spells                   Type           Power        Failure   Level  Hunger
 Regeneration             Chrm/Necr      ###.......   4%          3    ###....
 Spectral Weapon          Hex/Chrm       ###.....     4%          3    ###....


Dungeon Overview and Level Annotations

Branches:
Dungeon (4/15)
 Temple: D:4-7

Altars:

Annotations:
D:4 Grinder


Message History

* * * LOW HITPOINT WARNING * * *
You feel better.
Grinder blinks!
Natasha claws you but does no damage. Natasha barely misses you.
You feel better. Natasha misses you.
You puncture Natasha!
You kill Natasha!
Moaning pathetically, Natasha's spirit plunges into the ground.
Grinder says, "You look like you could use a good racking."
Grinder hits you but does no damage.
You hit Grinder.
Grinder is lightly wounded.
Grinder closely misses you.
You hit Grinder.
Grinder is moderately wounded.
Grinder hits you!
You barely miss Grinder.
Grinder is moderately wounded.
Grinder gestures at you. Pain shoots through your body!
You die...

#....#...###.####
#....#.### #.#
##...#.#.. ...
#...#.#.###.#.
#.....#.# #.#.#
#.....#.# #.# #
#....##.# #.#
#....##.#
#.....#@#
####..#5# ##.#.#
#...# #..## #...#
##..# #..## ##h.#


You could see Grinder.

Vanquished Creatures
  An orc priest (D:3)
  Natasha (D:4)
  A hound skeleton (D:4)
  4 adders
  An ooze (D:1)
  A worm (D:2)
  2 dart slugs
  4 leopard geckos
  9 orcs
  3 giant cockroaches
  11 goblins
  6 hobgoblins
  3 jackals (D:2)
  6 kobolds
  2 quokkas
  2 ball pythons
  10 bats
  7 frilled lizards
  4 rats
78 creatures vanquished.

Notes
Turn   | Place    | Note
-------+----------+-------------------------------------------
     0 | D:1      | MelsaHvarei the Merfolk Skald began the quest for the Orb.
     0 | D:1      | Reached XP level 1. HP: 16/16 MP: 3/3
   200 | D:1      | Reached XP level 2. HP: 5/22 MP: 0/5
   444 | D:1      | Learned a level 2 spell: Shroud of Golubria
   447 | D:1      | Learned a level 2 spell: Song of Slaying
  1022 | D:1      | Reached skill level 4 in Polearms
  1044 | D:1      | Reached XP level 3. HP: 22/27 MP: 6/6
  1601 | D:2      | Reached XP level 4. HP: 31/33 MP: 7/7
  1818 | D:1      | Reached skill level 5 in Polearms
  3056 | D:3      | Reached skill level 5 in Dodging
  3109 | D:3      | Reached XP level 5. HP: 32/38 MP: 3/8
  3579 | D:4      | Reached skill level 6 in Polearms
  3636 | D:4      | Noticed an ice beast
  3729 | D:4      | Noticed Grinder
  3730 | D:4      | Noticed Natasha
  3758 | D:4      | HP: 1/38 [Natasha (5)]
  3761 | D:4      | Killed Natasha
  3764 | D:4      | Killed from afar by Grinder

Skill      XL: |  1  2  3  4  5 |
---------------+----------------+-----
Dodging        | 3 4 5 |  5.7
Polearms       | 4 5 6 |  6.3
Fighting       | |  2.1
Armour         | |  0.6
Spellcasting   | |  2.0
Charms         | |  3.2

Action                   |  1- 3 |  4- 6 || total
-------------------------+-------+-------++-------
Melee: Spear             |   166 |   241 ||   407
 Cast: Infusion          |     1 |     3 ||     4
       Shroud of Golubri |       |     6 ||     6
       Song of Slaying   |       |     3 ||     3
  Use: Scroll            |       |     6 ||     6
       Potion            |       |     5 ||     5
 Stab: Sleeping          |     3 |     3 ||     6
       Distracted        |       |     1 ||     1
  Eat: Chunk             |     2 |     8 ||    10
Armor: Leather armour    |    52 |    31 ||    83
Dodge: Dodged            |   101 |   177 ||   278
